 Dungeon Crawl Stone Soup version 0.27-a0-512-g57cc695410 (webtiles) character file.

Game seed: 10693850886156650280

3633 tilp the Martial Artist (level 10, -4/81 HPs)
             Began as an Octopode Transmuter on Mar 3, 2021.
             Was a Believer of Okawaru.
             Slain by a troll (18 damage)
             ... on level 8 of the Dungeon.
             The game lasted 00:17:14 (11278 turns).

tilp the Martial Artist (Octopode Transmuter)      Turns: 11278, Time: 00:17:15

Health: -4/81      AC:  6    Str: 10    XL:     10   Next: 11%
Magic:  7/13       EV: 15    Int: 25    God:    Okawaru [**....]
Gold:   429        SH:  0    Dex: 12    Spells: 0/13 levels left

rFire    x . .     SeeInvis .     - Unarmed
rCold    + + +     Faith    .   (shield currently unavailable)
rNeg     . . .     Spirit   .   (helmet currently unavailable)
rPois    +         Reflect  .   (no amulet)
rElec    .         Harm     .   g - +6 ring of intelligence
rCorr    .         Rampage  .   q - ring of wizardry
Will     .....                  (no ring)
Stlth    ++++......             (no ring)
HPRegen  0.23/turn              (no ring)
MPRegen  0.13/turn              (no ring)
                                (no ring)
                                (no ring)

@: ice-form, heroic
A: large, almost no armour, stealthy swim, amphibious, 8 rings, (constrict 8)
a: End Transformation, Renounce Religion, Heroism


You were on level 8 of the Dungeon.
You worshipped Okawaru.
Okawaru was pleased with you.
You were a creature of crystalline ice.
You visited 2 branches of the dungeon, and saw 9 of its levels.

You collected 429 gold pieces.

Inventory:

Missiles
 m - 7 boomerangs
 p - 31 poisoned darts (quivered)
Jewellery
 g - a +6 ring of intelligence (left front paw)
 q - a ring of wizardry (right front paw)
Wands
 a - a wand of random effects (13)
 t - a wand of paralysis (3)
Scrolls
 b - 4 scrolls of teleportation
 c - 4 scrolls of enchant weapon
 f - a scroll of random uselessness {unknown}
 j - a scroll of noise {unknown}
 k - 2 scrolls of blinking
 l - 2 scrolls of enchant armour
 n - a scroll of amnesia {unknown}
Potions
 d - a potion of cancellation
 e - a potion of curing
 h - a potion of might
 i - 2 potions of flight
 o - 3 potions of brilliance
 r - a potion of attraction
 s - a potion of heal wounds


   Skills:
 - Level 6.0(11.0) Fighting
 - Level 6.0(11.0) Dodging
 - Level 4.0(9.0) Stealth
 - Level 8.0(13.0) Unarmed Combat
 - Level 2.0 Spellcasting
 - Level 6.0 Transmutations
 - Level 2.0 Ice Magic
 - Level 2.0 Poison Magic
 + Level 3.9 Invocations
 + Level 3.9 Evocations


You couldn't memorise any spells.
You knew the following spells:

 Your Spells              Type           Power        Failure   Level
a - Beastly Appendage     Tmut           64%          1%          1
b - Wereblood             Tmut           32%          1%          2
c - Spider Form           Tmut/Pois      11%          2%          3
d - Ice Form              Ice/Tmut       22%          9%          4
e - Corona                Hex            2%           4%          1
f - Blink                 Tloc           N/A          7%          2

Your spell library contained the following spells:

 Spells                   Type           Power        Failure   Level
 Animate Skeleton         Necr           4%           4%          1
 Apportation              Tloc           4%           4%          1
 Magic Dart               Conj           8%           4%          1
 Summon Small Mammal      Summ           8%           4%          1
 Call Imp                 Summ           2%           7%          2
 Slow                     Hex            2%           7%          2
 Mephitic Cloud           Conj/Pois/Air  5%           11%         3
 Blade Hands              Tmut           16%          11%         5
 Conjure Flame            Conj/Fire      2%           13%         3


Dungeon Overview and Level Annotations

Branches:
Dungeon (8/15)             Temple (1/1) D:7
   Lair: D:8-11

Altars:
Ashenzari
Cheibriados
Dithmenos
Elyvilon
Fedhas
Gozag
Hepliaklqana
Kikubaaqudgha
Makhleb
Nemelex Xobeh
Okawaru
Qazlal
Ru
Sif Muna
Uskayaw
Vehumet
Wu Jian
Xom
Yredelemnul
Zin
The Shining One
Beogh

Annotations:
D:4 3 runed translucent doors (hat), Edmund; PeterLawrence's ghost, amateur MiFi
D:6 Prince Ribbit
D:8 dig vault, Erica


Innate Abilities, Weirdness & Mutations

You cannot wear most types of armour.
You are very stealthy in the water. (Stealth+)
You are amphibious.
You can wear up to eight rings at the same time.
((You can use your tentacles to constrict eight enemies at once.))
((Your skin changes colour to match your surroundings (Stealth+).))
((Your rubbery body absorbs attacks. (AC +1, EV +1)))


Message History

Okawaru accepts your kill.
No target in view!
A troll comes into view.
Found a leatherbound book.
You pick up a book of Minor Magic and begin reading...
You add the spells Magic Dart, Blink, Call Imp, Slow, Conjure Flame and Mephitic Cloud to your library.
Memorise Blink, consuming 2 spell levels and leaving 0?
You start memorising the spell.
You continue memorising. x2
You finish memorising.
Spell assigned to 'f'.
Casting: Ice Form (dangerous; 9% risk of failure)
Confirm with . or Enter, or press ? or * to list all spells.
You turn into a creature of crystalline ice.
The troll shouts!
You gain the combat prowess of a mighty hero.
The troll bites you! The troll claws you. The troll completely misses you.
You hit the troll. You freeze the troll.
The troll is lightly wounded.
The troll bites you!! The troll misses you. x2
You hit the troll but do no damage.
The troll is lightly wounded.
The troll bites you! The troll claws you.
* * * LOW HITPOINT WARNING * * *
The troll claws you but does no damage.
You barely miss the troll.
The troll is lightly wounded.
You pummel the troll!! You freeze the troll!
The troll is severely wounded.
The troll bites you!
* * * LOW HITPOINT WARNING * * *
The troll barely misses you. The troll closely misses you.
Unknown command.
You hit the troll. You freeze the troll.
The troll is almost dead.
The troll closely misses you. x2; The troll claws you.
* * * LOW HITPOINT WARNING * * *
Unknown command.
You barely miss the troll.
The troll is severely wounded.
The troll bites you!!
You die...

.#.###................####.......
.#..##...#.............#.........
>##......##..........#####...#...
.####.......#........#.. #.###...
...........######..###._ #...####
.#########..# ##...#.. #...# #
..>.>...###.#####....##.##...####
........#.............#§#........
...............TY.....#§#.......<
........###.#.......#..§§....#.#
.####### #....#....#...§.......#
.# #####.##.#.##..###..#.#.....
.####......##T..###.##.....# ....
..... ####....## #..#..##.# @..
..# #.#.##### ....# ..# ## ..#
#######T#...... #.... ....
.####.............. ..... ..!.


You could see a troll.

Vanquished Creatures
  A two-headed ogre (D:8)
  2 orc warriors
  An ice beast (D:8)
  4 ogres
  A necrophage (D:7)
  3 centaurs
  5 bullfrogs
  A water moccasin zombie (D:7)
  3 scorpions (D:7)
  A howler monkey (D:8)
  10 wights (D:8)
  2 bullfrog zombies
  A jelly (D:8)
  2 hounds
  A bullfrog skeleton (D:7)
  6 orc priests
  Natasha (thrice) (D:3)
  9 orc wizards
  5 worker ants
  Terence (D:3)
  2 hound skeletons
  7 adders
  4 gnolls (D:3)
  2 shadow imps (D:6)
  2 white imps
  3 oozes
  An adder skeleton (D:4)
  3 worms
  4 leopard geckos
  19 orcs
  10 giant cockroaches
  10 goblins
  8 hobgoblins
  6 jackals
  8 kobolds
  5 quokkas
  2 ball pythons
  4 bats
  6 frilled lizards
  A giant cockroach zombie (D:4)
  A leopard gecko skeleton (D:5)
  A quokka zombie (D:7)
  5 rats
176 creatures vanquished.

Notes
Turn   | Place    | Note
-------+----------+-------------------------------------------
     0 | D:1      | tilp the Octopode Transmuter began the quest for the Orb.
     0 | D:1      | Reached XP level 1. HP: 13/13 MP: 3/3
   205 | D:1      | Reached skill level 1 in Stealth
   286 | D:1      | Reached XP level 2. HP: 18/18 MP: 5/5
   308 | D:1      | Learned a level 2 spell: Wereblood
   931 | D:1      | Reached XP level 3. HP: 19/23 MP: 2/6
  1739 | D:2      | Found a hide-covered altar of Uskayaw.
  1746 | D:2      | Found an opulent altar of Gozag.
  1746 | D:2      | Found an ancient bone altar of Kikubaaqudgha.
  1767 | D:2      | Found a shimmering altar of Xom.
  1767 | D:2      | Found a stormy altar of Qazlal.
  1767 | D:2      | Found a glowing silver altar of Zin.
  2143 | D:2      | Reached XP level 4. HP: 29/29 MP: 7/7
  2585 | D:3      | Found a faded altar of an unknown god.
  2896 | D:3      | Noticed Natasha
  3520 | D:3      | Noticed Terence
  3530 | D:3      | Killed Terence
  3531 | D:3      | Reached skill level 4 in Unarmed Combat
  3531 | D:3      | Reached XP level 5. HP: 11/35 MP: 6/8
  4173 | D:3      | Killed Natasha
  4253 | D:3      | Noticed Natasha
  4259 | D:3      | Killed Natasha
  4576 | D:3      | Noticed Natasha
  4588 | D:3      | Killed Natasha
  4589 | D:3      | Reached XP level 6. HP: 37/42 MP: 9/9
  4595 | D:3      | Learned a level 3 spell: Spider Form
  4795 | D:4      | Found a runed translucent gate.
  4795 | D:4      | Noticed an orc warrior
  4795 | D:4      | Noticed PeterLawrence's ghost (amateur MiFi)
  4796 | D:4      | Found a runed translucent gate.
  4797 | D:4      | Found a roughly hewn altar of Beogh.
  4797 | D:4      | Found a runed translucent gate.
  4898 | D:4      | Noticed Edmund
  4952 | D:4      | Reached skill level 5 in Unarmed Combat
  5282 | D:4      | Reached XP level 7. HP: 43/48 MP: 5/10
  5404 | D:4      | Identified the +3 hunting sling of the Glimmering Enemy
                  | {venom, rPois rC- rN+ Int+3 SInv}
  5446 | D:4      | Reached skill level 6 in Unarmed Combat
  5865 | D:5      | Entered Level 5 of the Dungeon
  5877 | D:5      | Reached skill level 1 in Poison Magic
  7215 | D:6      | Reached XP level 8. HP: 26/54 MP: 7/11
  7419 | D:6      | Noticed Prince Ribbit
  8347 | D:6      | Reached skill level 5 in Fighting
  8639 | D:6      | Learned a level 4 spell: Ice Form
  8998 | D:7      | Reached skill level 7 in Unarmed Combat
  9014 | D:7      | Found a staircase to the Ecumenical Temple.
  9032 | D:7      | Learned a level 1 spell: Corona
  9033 | Temple   | Entered the Ecumenical Temple
  9179 | Temple   | Became a worshipper of Warmaster Okawaru
  9631 | D:7      | Reached XP level 9. HP: 59/62 MP: 8/12
  9831 | D:7      | Reached skill level 5 in Dodging
 10254 | D:8      | Reached * piety under Okawaru
 10255 | D:8      | Reached skill level 8 in Unarmed Combat
 10406 | D:8      | Reached skill level 1 in Ice Magic
 10570 | D:8      | Found a hazy altar of Hepliaklqana.
 10575 | D:8      | Noticed Erica
 10634 | D:8      | Noticed a two-headed ogre
 10644 | D:8      | Killed a two-headed ogre
 10645 | D:8      | Reached skill level 1 in Invocations
 10645 | D:8      | Reached skill level 1 in Evocations
 10668 | D:8      | Reached ** piety under Okawaru
 10706 | D:8      | Found a white marble altar of Elyvilon.
 10937 | D:8      | Reached XP level 10. HP: 54/68 MP: 8/13
 11260 | D:8      | Learned a level 2 spell: Blink
 11278 | D:8      | Slain by a troll

Illustrated notes

Levels and vault maps discovered:
D:1:      lightli_arrival_quake, layout_loops_ring, minmay_worlds_worst_comb
D:2:      layout_loops_cross, doesnt_xom_only_xom
D:3:      layout_basic, chequers_ecumenical_altar_simple_redux, uniq_terence,
          uniq_natasha
D:4:      layout_rooms, biasface_ghost_orc_armoury, uniq_edmund
D:5:      layout_gridville
D:6:      layout_basic, uniq_prince_ribbit1
D:7:      layout_loops_ring, minmay_temple_entry_grid
D:8:      layout_rooms, nzn_hepliaklqana_mist_gate, elyvilon_altar_5,
          due_unseen_surprise, uniq_erica
Temple:   regret_index_temple_mists

Skill      XL: |  1  2  3  4  5  6  7  8  9 |
---------------+----------------------------+-----
Stealth        | 2 3 4 |  4.0
Fighting       | 2 3 4 5 6 |  6.0
Unarmed Combat | 4 5 6 7 8 |  8.0
Poison Magic   | 2 |  2.0
Transmutations | 4 6 |  6.0
Dodging        | 4 6 |  6.0
Ice Magic      | 2 |  2.0
Invocations    | 3 |  3.9
Evocations     | 3 |  3.9
Spellcasting   | |  2.0

Action                   |  1- 3 |  4- 6 |  7- 9 | 10-12 || total
-------------------------+-------+-------+-------+-------++-------
Melee: Unarmed           |   104 |   135 |   282 |    22 ||   543
       Constrict         |    25 |    32 |    27 |     2 ||    86
       Tentacles         |     5 |    18 |    29 |     2 ||    54
       Punch             |     3 |     2 |     8 |       ||    13
       Kick              |     9 |    20 |    29 |       ||    58
Throw: Boomerang         |       |     3 |     1 |       ||     4
       Dart              |       |     6 |     9 |       ||    15
 Cast: Beastly Appendage |     5 |    16 |    20 |       ||    41
       Wereblood         |     2 |     5 |    12 |       ||    19
       Spider Form       |       |     3 |    20 |       ||    23
       Ice Form          |       |       |     1 |     2 ||     3
Invok: Heroism           |       |       |       |     1 ||     1
Evoke: Wand              |       |       |     3 |       ||     3
  Use: Scroll            |     3 |     3 |     5 |       ||    11
       Potion            |       |       |     2 |       ||     2
 Stab: Sleeping          |    13 |     6 |     9 |     1 ||    29
       Distracted        |       |     1 |     1 |       ||     2
       Paralysed         |       |       |     4 |       ||     4
Armor: Skin              |     7 |     4 |     7 |     1 ||    19
Dodge: Dodged            |    58 |    67 |   143 |    12 ||   280

Table legend: (Time is in decaauts)
 A = Elapsed time spent in this place.
 B = Non-inter-level travel time spent in this place.
 C = Inter-level travel time spent in this place.
 D = Time resting spent in this place.
 E = Time spent auto-exploring this place.
 F = Levels seen in this place.
 G = Mean time per level.
                   A        B        C        D        E       F      G
               +--------+--------+--------+--------+--------+-----+--------+
         Total |  11227 |  10813 |    414 |   3717 |   5546 |   9 | 1247.4 |
       Dungeon |  11071 |  10687 |    384 |   3717 |   5424 |   8 | 1383.9 |
        Temple |    155 |    125 |     30 |      0 |    122 |   1 |  155.0 |
               +--------+--------+--------+--------+--------+-----+--------+

Top non-repeatable levels by time:
     D:3: 1956 daAuts
     D:7: 1694 daAuts
     D:1: 1679 daAuts
     D:6: 1344 daAuts
     D:4: 1299 daAuts
     D:5: 1243 daAuts
     D:2: 1099 daAuts
     D:8: 754 daAuts
  Temple: 155 daAuts
